 Dungeon Crawl Stone Soup version 0.27-a0-1230-gfc7c993222 (webtiles) character file.

Game seed: 12230077549792691710

643242 Glokmah the Slayer (level 27, -6/240 HPs)
             Began as a Gnoll Venom Mage on June 6, 2021.
             Was a High Priest of Ashenzari.
             Mangled by an Orb Guardian (43 damage)
             ... on level 5 of the Realm of Zot on June 8, 2021.
             The game lasted 04:20:02 (107842 turns).

Glokmah the Slayer (Gnoll Venom Mage)             Turns: 107842, Time: 04:20:02

Health: -6/240     AC: 18    Str: 10      XL:     27
Magic:  1/47       EV: 26    Int: 26 (28) God:    Ashenzari [*****.]
Gold:   7730       SH: 14    Dex: 13      Spells: 1/67 levels left

rFire    + + +     SeeInvis +   a - +8 flail "Ensconced Gloom" {drain, rPois rF+++ Str-3 Int+3, Fort, Self} (curse)
rCold    + . .     Faith    .   C - +0 buckler "Esoteric Orthodoxy" {rN++ Dex-5, Elem, Alch} (curse)
rNeg     + + .     Spirit   .   k - +4 robe of Discretion {rElec rC+ Str+3}
rPois    +         Reflect  +   G - +1 helmet of the Stellar Seer {rElec, Elem, Alch} (curse)
rElec    +         Harm     +   n - +1 cloak of Starlight {*Dazzle EV+4 Stlth--, Cun, Elem} (curse)
rCorr    +         Rampage  .   V - +0 pair of gloves of Ashenzari's Suspicion {Dex+3, Comp, Elem} (curse)
Will     +++..     Clarity  +   E - +1 pair of boots "Esoteric Atheism" {Harm rCorr, Alch, Bglg} (curse)
Stlth    ++++++....             q - amulet of Supernal Gnosis {Reflect SH+5, Elem, Melee} (curse)
HPRegen  0.50/turn              R - ring "Gezuocua" {Will+ Str-3 Int+3}
MPRegen  0.30/turn              z - ring "Shame of Ashenzari" {Wiz, Alch, Elem} (curse)

@: brilliant, about to teleport, marked, calling dragons, hasted and slowed,
studying Unarmed Combat
A: fangs 1, strong nose, distributed training, agile 1, deterioration 1
}: 3/15 runes: decaying, serpentine, silver
a: Renounce Religion, Curse Item, Shatter the Chains


You were on level 5 of the Realm of Zot.
You worshipped Ashenzari.
Ashenzari was extremely pleased with you.
You visited 10 branches of the dungeon, and saw 50 of its levels.
You also visited: Sewer, Ice Cave and Wizlab.

You collected 11446 gold pieces.
You spent 3716 gold pieces at shops.

Inventory:

Hand Weapons
 a - the cursed +8 flail "Ensconced Gloom" (weapon) {drain, rPois rF+++ Str-3 Int+3, Fort, Self}
   (You found it on level 6 of the Lair of Beasts)

   A truly terrible weapon, it drains the life of those it strikes.
   It affects your strength (-3).
   It affects your intelligence (+3).
   It renders you almost immune to fire.
   It protects you from poison.
   It has a curse which improves the following skills: Fortitude: Armour and
   Shields.
   Introspection: Fighting and Spellcasting.
Missiles
 e - 2 silver boomerangs
 x - 11 curare-tipped darts
 H - 21 silver javelins
 J - 3 throwing nets
 O - 26 boomerangs of dispersal
Armour
 k - the +4 robe of Discretion (worn) {rElec rC+ Str+3}
   (You found it on level 3 of the Vaults)

   It affects your strength (+3).
   It protects you from cold.
   It insulates you from electricity.
 n - the cursed +1 cloak of Starlight (worn) {*Dazzle EV+4 Stlth--, Cun, Elem}
   (You found it in a wizard's laboratory)

   It affects your evasion (+4).
   It makes you much less stealthy.
   It has a curse which improves the following skills: Cunning: Dodging and
   Stealth.
   Elements:  Fire Magic, Ice Magic, Air Magic and Earth Magic.
 C - the cursed +0 buckler "Esoteric Orthodoxy" (worn) {rN++ Dex-5, Elem, Alch}
   (You found it on level 1 of the Lair of Beasts)

   It affects your dexterity (-5).
   It greatly protects you from negative energy.
   It has a curse which improves the following skills: Elements: Fire Magic, Ice
   Magic, Air Magic and Earth Magic.
   Alchemy:   Poison Magic and Transmutations.
 E - the cursed +1 pair of boots "Esoteric Atheism" (worn) {Harm rCorr, Alch, Bglg}
   (You bought it in a shop on level 4 of the Snake Pit)

   It protects you from acid and corrosion.
   It increases damage dealt and taken.
   It has a curse which improves the following skills: Alchemy: Poison Magic and
   Transmutations.
   Beguiling: Conjurations, Hexes and Translocations.
 G - the cursed +1 helmet of the Stellar Seer (worn) {rElec, Elem, Alch}
   (You found it on level 1 of the Depths)

   It insulates you from electricity.
   It has a curse which improves the following skills: Elements: Fire Magic, Ice
   Magic, Air Magic and Earth Magic.
   Alchemy:   Poison Magic and Transmutations.
 V - the cursed +0 pair of gloves of Ashenzari's Suspicion (worn) {Dex+3, Comp, Elem}
   (You bought it in a shop on level 2 of the Orcish Mines)

   It has a curse which improves the following skills: Companions: Summonings
   and Necromancy.
   Elements:  Fire Magic, Ice Magic, Air Magic and Earth Magic.
Jewellery
 q - the cursed amulet of Supernal Gnosis (around neck) {Reflect SH+5, Elem, Melee}
   (You found it on level 4 of the Dungeon)

   [amulet of reflection]

   It reflects blocked missile attacks.
   It affects your SH (+5).
   It has a curse which improves the following skills: Elements: Fire Magic, Ice
   Magic, Air Magic and Earth Magic.
   Melee Combat: Short Blades, Long Blades, Axes, Maces & Flails, Polearms,
   Staves and Unarmed Combat.
 z - the cursed ring "Shame of Ashenzari" (right hand) {Wiz, Alch, Elem}
   (You found it on level 1 of the Lair of Beasts)

   [ring of wizardry]

   It improves your spell success rate.
   It has a curse which improves the following skills: Alchemy: Poison Magic and
   Transmutations.
   Elements:  Fire Magic, Ice Magic, Air Magic and Earth Magic.
 R - the ring "Gezuocua" (left hand) {Will+ Str-3 Int+3}
   (You acquired it on level 2 of the Realm of Zot)

   [ring of willpower]

   It affects your strength (-3).
   It affects your intelligence (+3).
   It increases your willpower.
Wands
 g - a wand of charming (27)
 l - a wand of flame (106)
 r - a wand of paralysis (73)
 s - a wand of mindburst (53)
 K - a wand of digging (19)
 P - a wand of iceblast (56)
 U - a wand of acid (25)
 Y - a wand of polymorph (29)
Scrolls
 b - 2 scrolls of fear
 p - 8 scrolls of summoning
 u - 6 scrolls of teleportation
 v - 9 scrolls of fog
 w - 5 scrolls of blinking
 y - 2 scrolls of enchant armour
 D - a scroll of silence
 F - 11 scrolls of holy word
 M - 4 scrolls of amnesia
 Q - 4 scrolls of immolation
 S - 2 scrolls of magic mapping
Potions
 c - 10 potions of mutation
 d - 3 potions of might
 f - 5 potions of ambrosia
 i - 10 potions of heal wounds
 j - 8 potions of attraction
 m - 12 potions of flight
 o - 8 potions of haste
 t - 3 potions of berserk rage
 A - 3 potions of cancellation
 B - 5 potions of resistance
 I - 11 potions of curing
 L - 6 potions of invisibility
 T - 6 potions of brilliance
 W - 6 potions of lignification
 Z - 2 potions of magic
Miscellaneous
 h - a phantom mirror
 N - a phial of floods
 X - a condenser vane


   Skills:
 + Level 22.9(24.7) Fighting
 + Level 18.4(20.5) Short Blades
 + Level 18.4(20.5) Long Blades
 + Level 18.4(20.5) Axes
 + Level 18.4(20.5) Maces & Flails
 + Level 18.4(20.5) Polearms
 + Level 18.4(20.5) Staves
 + Level 18.4 Slings
 + Level 18.4 Bows
 + Level 18.4 Crossbows
 + Level 18.4 Throwing
 + Level 18.4(20.5) Armour
 + Level 18.9(20.8) Dodging
 + Level 18.8(20.8) Stealth
 + Level 18.4(20.5) Shields
 + Level 19.6(21.6) Unarmed Combat
 + Level 18.9(20.9) Spellcasting
 + Level 15.9(18.1) Conjurations
 + Level 15.9(18.1) Hexes
 + Level 15.9(18.1) Summonings
 + Level 15.9(18.1) Necromancy
 + Level 15.9(18.1) Translocations
 + Level 16.0(21.6) Transmutations
 + Level 15.9(23.3) Fire Magic
 + Level 15.9(23.3) Ice Magic
 + Level 15.9(23.3) Air Magic
 + Level 15.9(23.3) Earth Magic
 + Level 16.6(22.1) Poison Magic
 + Level 19.8 Invocations
 + Level 18.4 Evocations


You had one spell level left.
You knew the following spells:

 Your Spells              Type           Power      Damage    Failure   Level
a - Iron Shot             Conj/Erth      58%        9d11      1%          6
b - Poisonous Vapours     Pois/Air       100%       N/A       0%          2
c - Ignite Poison         Fire/Tmut/Pois 100%       N/A       0%          3
d - Shatter               Erth           61%        3d45*     4%          9
e - Olgreb's Toxic Radia  Pois           100%       N/A       0%          4
f - Dragon's Call         Summ           55%        N/A       32%         9
g - Ignition              Fire           61%        3d16      1%          8
h - Tornado               Air            61%        N/A       4%          9
i - Lee's Rapid Deconstr  Erth           61%        3d29*     0%          5
j - Borgnjor's Vile Clut  Necr/Erth      58%        N/A       0%          5
k - Eringya's Noxious Bo  Tmut/Pois      59%        N/A       1%          6

Your spell library contained the following spells:

 Spells                   Type           Power      Damage    Failure   Level
 Animate Skeleton         Necr           100%       N/A       0%          1
 Apportation              Tloc           100%       N/A       0%          1
 Beastly Appendage        Tmut           100%       N/A       0%          1
 Corona                   Hex            100%       N/A       0%          1
 Foxfire                  Conj/Fire      100%       2x1d9     0%          1
 Freeze                   Ice            100%       1d11      0%          1
 Pain                     Necr           100%       1d9       0%          1
 Sandblast                Erth           100%       2d20      0%          1
 Shock                    Conj/Air       100%       1d9       0%          1
 Sting                    Tmut/Pois      100%       1d8       0%          1
 Summon Small Mammal      Summ           100%       N/A       0%          1
 Blink                    Tloc           N/A        N/A       0%          2
 Call Imp                 Summ           100%       N/A       0%          2
 Corpse Rot               Necr/Air       N/A        N/A       0%          2
 Ensorcelled Hibernation  Hex/Ice        100%       N/A       0%          2
 Passwall                 Tmut/Erth      100%       N/A       0%          2
 Slow                     Hex            100%       N/A       0%          2
 Static Discharge         Conj/Air       100%       N/A       0%          2
 Sublimation of Blood     Necr           55%        N/A       0%          2
 Wereblood                Tmut           100%       N/A       0%          2
 Call Canine Familiar     Summ           100%       N/A       0%          3
 Confusing Touch          Hex            100%       N/A       0%          3
 Conjure Flame            Conj/Fire      100%       6-21      0%          3
 Frozen Ramparts          Ice            100%       1d12      0%          3
 Gell's Gravitas          Tloc           55%        N/A       0%          3
 Inner Flame              Hex/Fire       100%       N/A       0%          3
 Lesser Beckoning         Tloc           55%        N/A       0%          3
 Mephitic Cloud           Conj/Pois/Air  100%       N/A       0%          3
 Ozocubu's Armour         Ice            100%       N/A       0%          3
 Portal Projectile        Hex/Tloc       100%       N/A       0%          3
 Spider Form              Tmut/Pois      59%        N/A       0%          3
 Stone Arrow              Conj/Erth      100%       3d13      0%          3
 Summon Guardian Golem    Hex/Summ       100%       N/A       0%          3
 Swiftness                Air            100%       N/A       0%          3
 Teleport Other           Tloc           100%       N/A       0%          3
 Tukima's Dance           Hex            100%       N/A       0%          3
 Vampiric Draining        Necr           55%        2d13      0%          3
 Airstrike                Air            61%        N/A       0%          4
 Animate Armour           Summ/Erth      100%       N/A       0%          4
 Animate Dead             Necr           55%        N/A       0%          4
 Cause Fear               Hex            55%        N/A       0%          4
 Dispel Undead            Necr           100%       3d31      0%          4
 Hailstorm                Conj/Ice       100%       3d20      0%          4
 Ice Form                 Ice/Tmut       100%       N/A       0%          4
 Iskenderun's Mystic Bla  Conj/Tloc      100%       2d19      0%          4
 Leda's Liquefaction      Hex/Erth       58%        N/A       0%          4
 Passage of Golubria      Tloc           N/A        N/A       0%          4
 Petrify                  Tmut/Erth      100%       N/A       0%          4
 Summon Ice Beast         Ice/Summ       100%       N/A       0%          4
 Summon Lightning Spire   Summ/Air       100%       N/A       0%          4
 Alistair's Intoxication  Tmut/Pois      79%        N/A       0%          5
 Bolt of Magma            Conj/Fire/Erth 59%        4d23      0%          5
 Hydra Form               Tmut           59%        N/A       0%          5
 Irradiate                Conj/Tmut      57%        3d32      0%          5
 Lightning Bolt           Conj/Air       58%        1d80      0%          5
 Metabolic Englaciation   Hex/Ice        58%        N/A       0%          5
 Silence                  Hex/Air        58%        N/A       0%          5
 Yara's Violent Unravell  Hex/Tmut       57%        3d22      0%          5
 Statue Form              Tmut/Erth      80%        N/A       0%          6
 Agony                    Necr           100%       N/A       1%          5
 Excruciating Wounds      Necr           55%        N/A       1%          5
 Iskenderun's Battlesphe  Conj           100%       2d15      1%          5
 Manifold Assault         Tloc           100%       N/A       1%          5
 Summon Forest            Summ/Tloc      55%        N/A       1%          5
 Blade Hands              Tmut           59%        N/A       1%          6
 Conjure Ball Lightning   Conj/Air       58%        3x3d21    1%          6
 Freezing Cloud           Conj/Ice/Air   59%        6-21      1%          6
 Invisibility             Hex            55%        N/A       1%          6
 Shadow Creatures         Summ           N/A        N/A       1%          6
 Simulacrum               Ice/Necr       58%        N/A       1%          6
 Dragon Form              Tmut           59%        N/A       1%          7
 Orb of Destruction       Conj           55%        9d16      1%          7
 Ozocubu's Refrigeration  Ice            61%        4d17      1%          7
 Spellforged Servitor     Conj/Summ      55%        N/A       1%          7
 Discord                  Hex            55%        N/A       2%          8


Dungeon Overview and Level Annotations

Branches:
Dungeon (15/15)            Temple (1/1) D:5            Lair (6/6) D:8
  Swamp (4/4) Lair:2        Snake (4/4) Lair:3        Slime (0/5) Lair:6
    Orc (2/2) D:10            Elf (3/3) Orc:2        Vaults (5/5) D:13
  Crypt (0/3) Vaults:2     Depths (5/5) D:15            Zot (5/5) Depths:5
  Sewer (visited)           IceCv (visited)          WizLab (visited)

Altars:
Ashenzari
Cheibriados
Dithmenos
Elyvilon
Fedhas
Gozag
Hepliaklqana
Kikubaaqudgha
Makhleb
Nemelex Xobeh
Okawaru
Qazlal
Ru
Sif Muna
Trog
Uskayaw
Vehumet
Wu Jian
Xom
Yredelemnul
Zin
The Shining One
Beogh
Jiyva

Shops:
D:2 (   D:13 :   D:15 !(   Orc:2 *[::(   Elf:2 (   Snake:2 =   Snake:4 [*[(*
Vaults:1 *   Vaults:5 ?!!![!??[   Depths:4 !   Depths:5 :

Portals:
Hell: Depths:1 Depths:2 Depths:3 Depths:4 Depths:5
Abyss: Depths:2 Depths:3 Depths:4
Pandemonium: Depths:3
Ziggurat: Depths:4

Annotations:
Depths:1 1 transporter, Bnni's ghost, adept DsBr
Zot:3 2 transporters, Numi's ghost, legendary OpWz


Innate Abilities, Weirdness & Mutations

You have very sharp teeth.
Your uncanny sense of smell can sniff out nearby items.
Your experience applies equally to all skills.
You are agile. (Dex +2)
Your body sometimes deteriorates upon taking damage.


Message History

The Orb Guardian blinks! x2; You blink.
The Orb Guardian blinks!
You blink.
The Orb Guardian blinks!
The Orb Guardian pulls the alarm!
The alarm trap emits a blaring wail!
The mark upon you grows brighter.
Your shadow dragon breathes negative energy at the Orb Guardian.
The bolt of negative energy hits the Orb Guardian!!!
The Orb Guardian is drained!
The Orb Guardian barely misses you. You block the Orb Guardian's attack.
The Orb Guardian pulls the alarm!
The alarm trap emits a blaring wail!
The mark upon you grows brighter.
A dragon tries to answer your call, but you don't have enough magical power!
The quicksilver dragon completely misses you.
You block the quicksilver dragon's attack.
You block the Orb Guardian's attack. The Orb Guardian hits you.
Your shadow dragon barely misses the Orb Guardian.
Your shadow dragon claws the Orb Guardian but does no damage.
Your shadow dragon claws the Orb Guardian.
The Orb Guardian hits you!!
* * * LOW HITPOINT WARNING * * *
You block the quicksilver dragon's attack.
The quicksilver dragon misses you.
Unknown command.
Okay, then.
You feel much better.
A dragon tries to answer your call, but you don't have enough magical power!
You block the Orb Guardian's attack. x2
The Orb Guardian hits you but does no damage.
The Orb Guardian completely misses you. x2; The Orb Guardian hits you!
The quicksilver dragon barely misses you.
The quicksilver dragon misses you.
The Orb Guardian hits you but does no damage.
The Orb Guardian hits you!!
* * * LOW HITPOINT WARNING * * *
Your body deteriorates!
You feel dopey.
The Orb Guardian hits you but does no damage.
The Orb Guardian enters a dispersal trap!
Your shadow dragon blinks!
The Orb Guardian blinks!
The quicksilver dragon blinks!
The Orb Guardian blinks! x2; The Orb Guardian hits you!!!
You die...

****** **** ,,,,,**** ****,,,
^,,,,,,,*** ***,,,,,,
,^,^,,,,,,** **,,,,,,,,
,,,,,,,,,,,*▓▓▓▓▓▓▓▓▓▓▓*,,,,,,,,,
,,,,,,,^,{,*▓▓.......▓▓*,,,,,,,,,
,,,,,,,,,{,▓▓..XX§.§^.▓▓,,^,,,,,,
,,,,,,,,,,,▓...X@§.§.§§▓...,,,,,,
,,,,,,,,..XX...XXX§§..X...X,,^,,,
,,,,,,,,...▓...........▓...,,,,,,
,,,,,,,,.,,▓▓X§.X.....▓▓,,.,,,,,,
,,{,,,,,,,,*▓▓D......▓▓*,,,,,,,,,
,,^,,,,,,,,* ▓▓▓▓▓▓▓▓▓▓*,,,,,,,,,
,,,,,,,,,,** **,,,,,,,,
,,,,....▓### ##▓......
,,,,.▓▓▓▓#### ###▓▓▓▓...


You could see 10 Orb Guardians and a friendly shadow dragon (summoned, catching
breath).

Vanquished Creatures
  Mennas (Depths:4)
  2 orbs of fire
  2 ancient liches (Zot:5)
  Mara (Swamp:4)
  A juggernaut (Depths:4)
  A Killer Klown (Zot:5)
  Bai Suzhen (Swamp:3)
  Margery (Vaults:2)
  2 caustic shrikes (Depths:1)
  13 golden dragons
  Nikola (Snake:4)
  An electric golem (Zot:1)
  17 tentacled monstrosities
  2 deep elf blademasters (Elf:3)
  10 Orb Guardians (Zot:5)
  A deep elf master archer (Elf:3)
  5 titans
  Asterion (Vaults:2)
  7 quicksilver dragons
  5 death cobs
  A tentacled starspawn (WizLab)
  Agnes (Snake:4)
  7 sphinxes
  A thorn hunter (Swamp:4)
  3 draconian monks (Zot:3)
  12 shadow dragons
  Frances (Snake:1)
  A nameless horror (Zot:3)
  Kirke (Swamp:1)
  5 nagarajas (Snake:4)
  8 tengu reavers
  Donald (Snake:1)
  17 storm dragons
  4 fenstrider witches (Swamp:4)
  8 deep elf sorcerers
  16 frost giants
  Aizul (Snake:1)
  4 draconian knights
  3 iron dragons
  3 draconian stormcallers (Zot:4)
  A balrug (Depths:2)
  8 fire giants
  8 draconian scorchers (Zot:3)
  5 orc warlords
  6 draconian shifters
  3 ghouls
  Louise (Snake:3)
  14 vault wardens
  4 deep elf elementalists (Elf:3)
  A reaper (Swamp:4)
  18 ironbound preservers
  A spriggan defender (Depths:3)
  3 draconian annihilators
  29 very ugly things
  2 war gargoyles
  A juggernaut skeleton (Depths:4)
  A quicksilver ooze (shapeshifter) (Vaults:5)
  21 stone giants
  9 green draconians
  11 yellow draconians
  15 deep elf annihilators
  9 black draconians
  3 deep elf demonologists (Elf:3)
  A vampire knight (Vaults:2)
  4 white draconians
  The ghost of Vuppis the Protected, a journeyman DsVM of Ashenzari (Lair:4)
  8 purple draconians
  An entropy weaver (Vaults:2)
  An entropy weaver (shapeshifter) (Vaults:5)
  3 bunyips
  11 spark wasps
  A minotaur (D:13)
  8 red draconians
  A blizzard demon (Swamp:4)
  An eidolon (WizLab)
  33 ettins
  A merfolk impaler (Depths:5)
  16 fire dragons
  5 deep elf death magi
  2 crystal guardians (Vaults:2)
  4 jiangshi (Depths:1)
  5 eleionomae
  7 great orbs of eyes
  4 shambling mangroves
  2 salamander tyrants (Snake:4)
  4 deep elf high priests (Elf:3)
  20 yaktaur captains
  A rakshasa (WizLab)
  The ghost of Saltbearer the Grappler, a journeyman DrFi of Ru (Lair:1)
  5 boulder beetles
  10 hydras
  2 peacekeepers (Vaults:2)
  4 spriggan air magi
  38 vault guards
  2 ghost crabs
  17 naga warriors
  3 ironbound frosthearts
  Erica (D:9)
  An ironbound thunderhulk (Vaults:2)
  16 ice dragons
  2 catoblepae
  8 anacondas
  2 centaur warriors (D:15)
  A death knight (D:11)
  5 ogre magi
  10 alligators
  2 anacondas (shapeshifter)
  13 two-headed ogres
  12 tengu warriors
  17 deep troll shamans
  20 deep troll earth magi
  7 death yaks
  A thrashing horror (WizLab)
  6 naga sharpshooters
  3 ironbound beastmasters
  28 dancing weapons
  7 hell knights
  2 vampire magi (Depths:1)
  Urug (D:12)
  8 shock serpents
  12 spriggans
  4 spriggan berserkers
  A titan skeleton (Depths:4)
  23 deep elf knights
  3 orc high priests (Orc:2)
  19 iron trolls
  A sun demon (Depths:2)
  2 soul eaters (Swamp:4)
  6 goliath frogs
  A goliath frog (shapeshifter) (Vaults:5)
  5 salamander mystics
  4 skeletal warriors (D:12)
  A flayed ghost (Depths:5)
  A quicksilver dragon simulacrum (Depths:4)
  7 naga ritualists
  5 glowing orange brains
  8 spriggan druids
  83 deep trolls
  A death drake (shapeshifter) (Vaults:5)
  3 bog bodies
  19 ironbound convokers
  An obsidian statue (WizLab)
  7 necromancers
  3 swamp dragons
  2 death drakes
  20 orc knights
  13 wizards
  3 phantasmal warriors (Vaults:5)
  40 deep elf pyromancers
  6 mana vipers
  16 deep elf archers
  An iron dragon zombie (Depths:4)
  7 lindwurms
  An orb spider (shapeshifter) (Vaults:5)
  10 harpies
  2 wolf spider zombies (D:15)
  5 will-o-the-wisps
  An oklob plant (Lair:4)
  A mana viper (shapeshifter) (D:15)
  50 ugly things
  9 cyclopes
  26 deep elf zephyrmancers
  9 orc sorcerers
  A wolf spider (shapeshifter) (Vaults:5)
  A manticore (D:14)
  2 cyclopes (shapeshifter)
  30 moths of wrath
  2 worldbinders (WizLab)
  Maurice (D:8)
  14 salamanders
  8 elephants
  3 guardian serpents
  Joseph (Lair:1)
  A human skeleton (Vaults:4)
  An ice statue (IceCv)
  14 vault sentinels
  24 naga magi
  4 centaur skeletons
  5 molten gargoyles
  32 black mambas
  A moth of wrath (shapeshifter) (Depths:3)
  2 gargoyles (D:13)
  11 cane toads
  An orange demon (Swamp:4)
  A smoke demon (Depths:2)
  A torpor snail (Lair:2)
  2 unseen horrors
  3 rime drakes
  A rime drake (shapeshifter) (Elf:1)
  A freezing wraith (Vaults:5)
  A redback zombie (D:8)
  40 yaktaurs
  4 komodo dragons
  7 hellwings
  3 ice devils
  6 tengu conjurers
  An efreet (D:15)
  A yaktaur skeleton (Vaults:4)
  2 ancient zymes (WizLab)
  An elf skeleton (Depths:4)
  16 polar bears
  A jumping spider (Vaults:2)
  A bloated husk (Swamp:4)
  9 tyrant leeches
  An ettin zombie (Vaults:4)
  14 trolls
  A polar bear (shapeshifter) (Depths:3)
  41 slime creatures
  15 blink frogs
  19 hornets
  A slime creature (shapeshifter) (Vaults:5)
  Prince Ribbit (D:6)
  A human simulacrum (Vaults:4)
  A raiju (WizLab)
  5 air elementals
  2 shadows
  A tarantella (Vaults:2)
  An ettin skeleton (Vaults:4)
  A redback (Vaults:2)
  4 wyverns
  3 vampires (Vaults:2)
  6 water elementals
  2 wraiths
  A human (D:13)
  6 fire elementals
  83 yaks
  2 large abominations (WizLab)
  A steam dragon (D:7)
  A neqoxec (Swamp:4)
  6 hogs (Swamp:1)
  2 chaos spawn (Swamp:4)
  2 basilisks
  10 swamp worms
  6 spatial vortices (WizLab)
  22 vampire mosquitoes
  An acid dragon (Zot:2)
  28 nagas
  5 wargs
  A floating eye (Depths:1)
  8 swamp drakes
  5 water moccasins
  35 orc warriors
  3 ice beasts
  2 black bears
  A sky beast (D:7)
  3 necrophages
  A boggart (D:15)
  8 ogres
  2 centaurs
  18 wolves
  A phantom (D:5)
  2 kobold brigands
  2 scorpions (D:5)
  3 earth elementals
  9 bullfrogs
  A water moccasin skeleton (D:3)
  2 wyvern skeletons
  6 killer bees
  4 wights (D:8)
  6 howler monkeys
  7 crimson imps (D:14)
  A bullfrog zombie (D:6)
  A jelly (D:8)
  4 hounds (D:4)
  A bullfrog skeleton (D:5)
  17 orc priests
  6 centaur zombies
  A gnoll shaman (D:7)
  2 iguanas (D:7)
  Ijyb (D:3)
  22 orc wizards
  2 killer bee zombies
  3 gnolls (D:7)
  7 adders
  5 shadow imps
  3 white imps
  An adder skeleton (D:4)
  4 dart slugs
  2 worms
  80 orcs
  9 endoplasms
  7 giant cockroaches
  13 goblins
  3 hobgoblins
  6 jackals
  4 quokkas
  9 ball pythons
  5 bats
  12 frilled lizards
  19 kobolds
  7 rats
  A starspawn tentacle (WizLab)
2134 creatures vanquished.

Vanquished Creatures (collateral kills)
  A curse toe (Zot:3)
  A golden dragon (Zot:2)
  The ghost of Foumic the Warrior, an adept OgIE of Sif Muna (D:13)
  A quicksilver dragon (Zot:2)
  2 death cobs (Zot:2)
  2 storm dragons (Zot:2)
  The ghost of Saltbearer the Cleaver, an adept DrTm of Uskayaw (D:14)
  A ghost moth (Zot:2)
  A fire dragon (Zot:2)
  An ice dragon (Zot:2)
  A naga warrior (Snake:1)
  2 hydras (Lair:3)
  A salamander tyrant (Snake:4)
  A salamander mystic (Snake:2)
  An ugly thing (D:12)
  2 moths of wrath
  2 salamanders
  A naga mage (Snake:4)
  5 cane toads
  A troll (D:13)
  10 slime creatures
  2 yaks
  A basilisk (Lair:2)
  A human (D:10)
  4 nagas
  2 water moccasins (Lair:3)
  An orc warrior (D:9)
  A centaur (D:13)
  An orc priest (D:9)
  An orc wizard (D:10)
  2 orcs (D:9)
55 creatures vanquished.

Vanquished Creatures (others)
  A death cob (Zot:5)
  An eldritch tentacle (WizLab)
  A shadow dragon (Vaults:4)
  A nagaraja (Snake:4)
  A fire giant (Depths:1)
  An ironbound preserver (Vaults:1)
  Snorg (Lair:4)
  An ettin (Depths:4)
  An eleionoma (Swamp:2)
  A hydra (Lair:4)
  A dancing weapon (Elf:3)
  A deep troll (Vaults:1)
  A wizard (Swamp:4)
  A manticore (D:15)
  2 salamanders
  A centaur zombie (D:10)
  A guardian serpent (Snake:1)
  2 cane toads
  2 bloated husks
  A hornet (Swamp:2)
  3 yaks
  2 nagas
  3 water moccasins
  An orc warrior (D:10)
  A bullfrog (Lair:4)
  An orc priest (D:10)
  2 orcs (D:10)
  6 foxfires
  24 fungi
  51 plants
  3 starspawn tentacles (WizLab)
  13 withered plants (D:8)
133 creatures vanquished.

Grand Total: 2322 creatures vanquished

Notes
Turn   | Place    | Note
-------+----------+-------------------------------------------
     0 | D:1      | Glokmah the Gnoll Venom Mage began the quest for the Orb.
     0 | D:1      | Reached XP level 1. HP: 13/13 MP: 6/6
   203 | D:1      | Reached XP level 2. HP: 19/19 MP: 4/7
   214 | D:1      | Learned a level 2 spell: Poisonous Vapours
  1256 | D:1      | Reached XP level 3. HP: 15/25 MP: 5/9
  1428 | D:2      | Reached skill level 5 in Spellcasting
  1571 | D:2      | Found a faded altar of an unknown god.
  1649 | D:2      | Reached skill level 1 in Invocations
  1753 | D:2      | Reached skill level 1 in Fighting
  1753 | D:2      | Reached skill level 1 in Short Blades
  1753 | D:2      | Reached skill level 1 in Long Blades
  1753 | D:2      | Reached skill level 1 in Axes
  1753 | D:2      | Reached skill level 1 in Maces & Flails
  1753 | D:2      | Reached skill level 1 in Polearms
  1753 | D:2      | Reached skill level 1 in Staves
  1753 | D:2      | Reached skill level 1 in Slings
  1753 | D:2      | Reached skill level 1 in Bows
  1753 | D:2      | Reached skill level 1 in Crossbows
  1753 | D:2      | Reached skill level 1 in Throwing
  1753 | D:2      | Reached skill level 1 in Armour
  1753 | D:2      | Reached skill level 1 in Shields
  1753 | D:2      | Reached skill level 1 in Unarmed Combat
  1753 | D:2      | Reached skill level 1 in Evocations
  1874 | D:2      | Found Kayjegix's Antique Weapon Shoppe.
  1941 | D:2      | Learned a level 3 spell: Ignite Poison
  1945 | D:2      | Learned a level 3 spell: Mephitic Cloud
  2128 | D:3      | Reached skill level 1 in Conjurations
  2128 | D:3      | Reached skill level 1 in Hexes
  2128 | D:3      | Reached skill level 1 in Summonings
  2128 | D:3      | Reached skill level 1 in Necromancy
  2128 | D:3      | Reached skill level 1 in Translocations
  2128 | D:3      | Reached skill level 1 in Fire Magic
  2128 | D:3      | Reached skill level 1 in Ice Magic
  2128 | D:3      | Reached skill level 1 in Air Magic
  2128 | D:3      | Reached skill level 1 in Earth Magic
  2128 | D:3      | Reached XP level 4. HP: 23/32 MP: 0/11
  2313 | D:3      | Reached XP level 5. HP: 30/37 MP: 12/12
  2495 | D:3      | Learned a level 4 spell: Olgreb's Toxic Radiance
  2928 | D:3      | You fall into a shaft and drop 1 floor!
  3105 | D:4      | Found a glowing drain.
  3109 | Sewer    | Entered a sewer
  3228 | Sewer    | Reached XP level 6. HP: 35/44 MP: 8/13
  3645 | Sewer    | Reached skill level 5 in Dodging
  3650 | Sewer    | Reached skill level 2 in Fighting
  4180 | D:3      | Noticed Ijyb
  4183 | D:3      | Killed Ijyb
  4620 | D:4      | Reached XP level 7. HP: 45/50 MP: 15/15
  5186 | D:5      | Entered Level 5 of the Dungeon
  5294 | D:5      | Reached skill level 5 in Stealth
  5845 | D:5      | Found a staircase to the Ecumenical Temple.
  5851 | Temple   | Entered the Ecumenical Temple
  6046 | Temple   | Became a worshipper of Ashenzari the Shackled
  6287 | D:5      | Identified the +6 whip of the Empty Page {flame, Str+4}
  6309 | D:5      | Reached XP level 8. HP: 57/57 MP: 9/16
  6333 | D:5      | Reached skill level 3 in Fighting
  6845 | D:5      | Noticed a wraith
  6877 | D:5      | HP: 1/58 [wraith (3)]
  6878 | D:5      | Killed a wraith
  7312 | D:5      | Found a bloodstained altar of Trog.
  7746 | D:6      | Noticed Prince Ribbit
  7752 | D:6      | Killed Prince Ribbit
  7848 | D:6      | Reached XP level 9. HP: 63/65 MP: 5/18
  8227 | D:6      | Reached skill level 4 in Fighting
  8354 | D:6      | Found an iron altar of Okawaru.
  8986 | D:7      | Noticed a cyclops
  8991 | D:7      | Killed a cyclops
  9069 | D:7      | Reached skill level 5 in Invocations
  9925 | D:7      | Reached XP level 10. HP: 64/73 MP: 11/20
 10330 | D:6      | Found a glowing silver altar of Zin.
 10330 | D:6      | Found a shimmering blue altar of Sif Muna.
 10330 | D:6      | Found a snail-covered altar of Cheibriados.
 10852 | D:8      | Reached skill level 5 in Fighting
 10852 | D:8      | Reached skill level 5 in Short Blades
 10852 | D:8      | Reached skill level 5 in Long Blades
 10852 | D:8      | Reached skill level 5 in Axes
 10852 | D:8      | Reached skill level 5 in Maces & Flails
 10852 | D:8      | Reached skill level 5 in Polearms
 10852 | D:8      | Reached skill level 5 in Staves
 10852 | D:8      | Reached skill level 5 in Slings
 10852 | D:8      | Reached skill level 5 in Bows
 10852 | D:8      | Reached skill level 5 in Crossbows
 10852 | D:8      | Reached skill level 5 in Throwing
 10852 | D:8      | Reached skill level 5 in Armour
 10852 | D:8      | Reached skill level 5 in Shields
 10852 | D:8      | Reached skill level 5 in Unarmed Combat
 10852 | D:8      | Reached skill level 5 in Evocations
 11060 | D:8      | Reached skill level 5 in Transmutations
 11309 | D:8      | Noticed Maurice
 11505 | D:8      | Killed Maurice
 11843 | D:8      | Reached XP level 11. HP: 66/81 MP: 8/22
 12200 | D:8      | Found a staircase to the Lair.
 12704 | D:8      | Found a white marble altar of Elyvilon.
 12777 | Lair:1   | Entered Level 1 of the Lair of Beasts
 12792 | Lair:1   | Reached skill level 6 in Fighting
 12797 | Lair:1   | Learned a level 4 spell: Summon Lightning Spire
 12940 | Lair:1   | Reached skill level 5 in Conjurations
 12940 | Lair:1   | Reached skill level 5 in Hexes
 12940 | Lair:1   | Reached skill level 5 in Summonings
 12940 | Lair:1   | Reached skill level 5 in Necromancy
 12940 | Lair:1   | Reached skill level 5 in Translocations
 12940 | Lair:1   | Reached skill level 5 in Fire Magic
 12940 | Lair:1   | Reached skill level 5 in Ice Magic
 12940 | Lair:1   | Reached skill level 5 in Air Magic
 12940 | Lair:1   | Reached skill level 5 in Earth Magic
 13117 | Lair:1   | Noticed Saltbearer's ghost (journeyman DrFi)
 13119 | Lair:1   | Identified the Compendium of Creation and Transmigration
 13120 | Lair:1   | Found a runed translucent gate.
 13120 | Lair:1   | Found a runed translucent gate.
 13120 | Lair:1   | Found a runed translucent gate.
 13397 | Lair:1   | Killed Saltbearer's ghost
 13721 | Lair:1   | Noticed Joseph
 13726 | Lair:1   | Killed Joseph
 13846 | Lair:1   | Identified the +0 buckler of Ykotekhlu {rN++ Dex-5}
 14431 | Lair:2   | Reached skill level 7 in Fighting
 14649 | Lair:2   | Reached XP level 12. HP: 87/91 MP: 13/24
 14657 | Lair:2   | Noticed an eight-headed hydra
 15008 | Lair:2   | Learned a level 4 spell: Summon Ice Beast
 15039 | Lair:2   | Killed an eight-headed hydra
 15159 | Lair:2   | Reached skill level 8 in Fighting
 15399 | Lair:2   | Reached * piety under Ashenzari
 15553 | Lair:2   | Found a staircase to the Swamp.
 15628 | Lair:2   | Noticed a death yak
 15628 | Lair:2   | Noticed a death yak
 15632 | Lair:2   | Killed a death yak
 15637 | Lair:2   | Killed a death yak
 16456 | Lair:3   | Noticed a four-headed hydra
 16467 | Lair:3   | Killed a four-headed hydra
 16576 | Lair:3   | Identified a scroll of acquirement
 16597 | Lair:3   | Noticed a four-headed hydra
 17040 | Lair:3   | Found a staircase to the Snake Pit.
 17040 | Lair:3   | Noticed a four-headed hydra
 17050 | Lair:3   | Killed a four-headed hydra
 17051 | Lair:3   | Reached XP level 13. HP: 92/100 MP: 12/26
 17136 | Lair:3   | Reached skill level 9 in Fighting
 17418 | Lair:3   | Learned a level 6 spell: Eringya's Noxious Bog
 18595 | Lair:4   | Noticed Vuppis's ghost (journeyman DsVM)
 18649 | Lair:4   | Found a runed translucent door.
 18672 | Lair:4   | Killed Vuppis's ghost
 19178 | Lair:4   | Noticed Snorg
 19197 | Lair:4   | Killed Snorg
 21106 | Lair:6   | Entered Level 6 of the Lair of Beasts
 21202 | Lair:6   | Reached skill level 10 in Fighting
 21321 | Lair:6   | Found a viscous altar of Jiyva.
 22002 | Lair:6   | Found a staircase to the Slime Pits.
 22096 | Lair:6   | Identified the +8 flail of Ydear {drain, rPois rF+++ Str-3
                  | Int+3}
 22124 | Lair:6   | Reached skill level 10 in Spellcasting
 22317 | Lair:6   | Reached XP level 14. HP: 71/111 MP: 6/28
 22578 | Lair:6   | Reached skill level 10 in Dodging
 22673 | Lair:6   | Learned a level 5 spell: Lee's Rapid Deconstruction
 23123 | D:9      | Noticed Erica
 23129 | D:9      | Killed Erica
 23583 | D:9      | Acquired the +0 helmet of the Morning {Dex+4}
 23591 | D:9      | Reached ** piety under Ashenzari
 24568 | D:10     | Entered Level 10 of the Dungeon
 24973 | D:10     | Reached skill level 10 in Stealth
 25314 | D:10     | Found a staircase to the Orcish Mines.
 25905 | Orc:1    | Entered Level 1 of the Orcish Mines
 26103 | Orc:1    | Reached skill level 11 in Fighting
 26265 | Orc:1    | Reached skill level 10 in Invocations
 26504 | Orc:2    | Entered Level 2 of the Orcish Mines
 26542 | Orc:2    | Found Nuasas's Antique Weapon Shop.
 26551 | Orc:2    | Found a frozen archway.
 26585 | IceCv    | Entered an ice cave
 28103 | IceCv    | Noticed a frost giant
 28104 | IceCv    | Identified the +10 plate armour of the Iron Devil {Harm
                  | Will+}
 28111 | IceCv    | Killed a frost giant
 28563 | Orc:2    | Found Welily's Book Shoppe.
 28563 | Orc:2    | Noticed an orc warlord
 28570 | Orc:2    | Reached XP level 15. HP: 123/123 MP: 13/31
 28573 | Orc:2    | Killed an orc warlord
 28747 | Orc:2    | Reached *** piety under Ashenzari
 29020 | Orc:2    | Found Qytwell's Book Emporium.
 29107 | Orc:2    | Found Lilopon's Antique Armour Boutique.
 29108 | Orc:2    | Bought a book of Power for 495 gold pieces
 29115 | Orc:2    | Learned a level 6 spell: Iron Shot
 29291 | Orc:2    | Bought a pair of runed gloves for 225 gold pieces
 29349 | Orc:2    | Found Viwerr's General Store.
 29355 | Orc:2    | Found a staircase to the Elven Halls.
 29786 | Orc:1    | Reached skill level 12 in Fighting
 30242 | D:11     | Reached skill level 10 in Poison Magic
 30999 | D:2      | Bought a crystal falchion for 160 gold pieces
 30999 | D:2      | Identified the +7 falchion of Ruination {vorpal, rElec
                  | rPois rF+ Int+2} (You bought it in a shop on level 2 of the
                  | Dungeon)
 31156 | D:12     | Noticed Urug
 31161 | D:12     | Killed Urug
 31162 | D:12     | Reached skill level 10 in Short Blades
 31162 | D:12     | Reached skill level 10 in Long Blades
 31162 | D:12     | Reached skill level 10 in Axes
 31162 | D:12     | Reached skill level 10 in Maces & Flails
 31162 | D:12     | Reached skill level 10 in Polearms
 31162 | D:12     | Reached skill level 10 in Staves
 31162 | D:12     | Reached skill level 10 in Slings
 31162 | D:12     | Reached skill level 10 in Bows
 31162 | D:12     | Reached skill level 10 in Crossbows
 31162 | D:12     | Reached skill level 10 in Throwing
 31162 | D:12     | Reached skill level 10 in Armour
 31162 | D:12     | Reached skill level 10 in Shields
 31162 | D:12     | Reached skill level 10 in Unarmed Combat
 31162 | D:12     | Reached skill level 10 in Evocations
 32316 | D:13     | Found Wiaziz's Book Emporium.
 32363 | D:13     | Noticed Foumic's ghost (adept OgIE)
 32386 | D:13     | Found a runed translucent gate.
 32386 | D:13     | Found a runed translucent gate.
 32386 | D:13     | Found a runed translucent gate.
 32569 | D:13     | Reached **** piety under Ashenzari
 33380 | D:13     | Found a gate to the Vaults.
 33616 | D:13     | Killed Foumic's ghost
 34473 | D:14     | Identified the +9 mace of Hes Lumn {flame, +Rage Dex+2
                  | SInv}
 34504 | D:14     | Reached XP level 16. HP: 134/134 MP: 24/33
 35153 | D:15     | Entered Level 15 of the Dungeon
 35153 | D:15     | Found Katuovol's Weapon Emporium.
 35193 | D:15     | Found a burning altar of Makhleb.
 35197 | D:15     | Reached skill level 13 in Fighting
 35380 | D:15     | Found a runed translucent gate.
 35381 | D:15     | Found a runed translucent gate.
 35381 | D:15     | Found a runed translucent gate.
 35383 | D:15     | Noticed Saltbearer's ghost (adept DrTm)
 35529 | D:15     | Found Ocwoigh's Distillery.
 35810 | D:15     | Found a staircase to the Depths.
 36922 | D:14     | Learned a level 5 spell: Borgnjor's Vile Clutch
 37454 | D:14     | Killed Saltbearer's ghost
 37951 | Snake:1  | Entered Level 1 of the Snake Pit
 38070 | Snake:1  | Noticed Aizul
 38082 | Snake:1  | Killed Aizul
 38288 | Snake:1  | Noticed Frances
 38293 | Snake:1  | Killed Frances
 38657 | Snake:1  | Reached ***** piety under Ashenzari
 38882 | Snake:1  | Noticed Donald
 38939 | Snake:1  | Killed Donald
 41076 | Snake:1  | HP: 7/141 [naga warrior/+0 war axe (5)]
 42328 | Orc:2    | Bought a book of the Tempests for 770 gold pieces
 42338 | Orc:2    | Learned a level 8 spell: Ignition
 42589 | Snake:2  | Reached XP level 17. HP: 148/148 MP: 14/36
 42597 | Snake:2  | Reached skill level 14 in Fighting
 42778 | Snake:2  | Found Lapiqi Xutz's Jewellery Shoppe.
 43493 | Snake:3  | Found an iron altar of Okawaru.
 44349 | Snake:3  | Reached skill level 10 in Transmutations
 45571 | Snake:4  | Entered Level 4 of the Snake Pit
 45883 | Snake:4  | Found Enauhun's General Store.
 46565 | Swamp:1  | Entered Level 1 of the Swamp
 46734 | Snake:4  | Noticed Louise
 46910 | Snake:3  | Killed Louise
 47675 | Snake:4  | Found Umibbuog's Assorted Antiques.
 47676 | Snake:4  | Found Qiaku Wueck's Antique Weapon Shop.
 47676 | Snake:4  | Found Tyocod's Antique Armour Boutique.
 47703 | Snake:4  | Reached skill level 10 in Conjurations
 47703 | Snake:4  | Reached skill level 10 in Hexes
 47703 | Snake:4  | Reached skill level 10 in Summonings
 47703 | Snake:4  | Reached skill level 10 in Necromancy
 47703 | Snake:4  | Reached skill level 10 in Translocations
 47703 | Snake:4  | Reached skill level 10 in Fire Magic
 47703 | Snake:4  | Reached skill level 10 in Ice Magic
 47703 | Snake:4  | Reached skill level 10 in Air Magic
 47703 | Snake:4  | Reached skill level 10 in Earth Magic
 47948 | Snake:4  | Noticed Nikola
 48167 | Snake:4  | Killed Nikola
 48599 | Snake:4  | Bought a scroll of enchant armour for 120 gold pieces
 49005 | Snake:4  | Found Nagujosu's Antique Armour Shop.
 49552 | Snake:4  | Reached XP level 18. HP: 158/158 MP: 11/38
 49672 | Snake:4  | Reached skill level 15 in Fighting
 49702 | Snake:4  | Noticed Agnes
 49722 | Snake:4  | Killed Agnes
 50042 | Snake:4  | Bought an embroidered cloak for 262 gold pieces
 50049 | Snake:4  | Bought a pair of ichor-stained boots for 285 gold pieces
 50049 | Snake:4  | Identified the +1 pair of boots of Watchfulness {Harm
                  | rCorr} (You bought it in a shop on level 4 of the Snake
                  | Pit)
 50577 | Snake:4  | Got a serpentine rune of Zot
 50842 | D:10     | Upgraded the game from 0.27-a0-1217-g8a41f320e8 to
                  | 0.27-a0-1230-gfc7c993222
 51878 | Swamp:1  | Noticed Kirke
 51885 | Swamp:1  | Killed Kirke
 53339 | Swamp:3  | Noticed Bai Suzhen
 53466 | Swamp:3  | Killed Bai Suzhen
 54680 | Swamp:4  | Entered Level 4 of the Swamp
 54868 | Swamp:4  | Noticed a tentacled monstrosity
 54877 | Swamp:4  | Killed a tentacled monstrosity
 55020 | Swamp:4  | Reached XP level 19. HP: 167/167 MP: 24/39
 55556 | Swamp:4  | Reached skill level 16 in Fighting
 55677 | Swamp:4  | Noticed Mara
 55684 | Swamp:4  | Noticed Glokmah's illusion
 55708 | Swamp:4  | Killed Mara
 57622 | Swamp:4  | Noticed a tentacled monstrosity
 57743 | Swamp:4  | Got a decaying rune of Zot
 57811 | Swamp:4  | Killed a tentacled monstrosity
 58205 | Vaults:1 | Entered Level 1 of the Vaults
 59053 | Vaults:1 | Reached XP level 20. HP: 176/176 MP: 32/41
 60123 | Vaults:1 | Found Goeb's General Store.
 60340 | Vaults:1 | Reached skill level 17 in Fighting
 60476 | Vaults:1 | Reached ****** piety under Ashenzari
 60642 | Vaults:1 | Learned a level 9 spell: Shatter
 60808 | Vaults:2 | Noticed a golden dragon
 60916 | Vaults:2 | Noticed Asterion
 60923 | Vaults:2 | Killed Asterion
 61766 | Vaults:2 | Found a staircase to the Crypt.
 62526 | Vaults:2 | Noticed Margery
 62527 | Vaults:2 | Killed Margery
 62759 | Vaults:2 | Killed a golden dragon
 62768 | Vaults:2 | Reached XP level 21. HP: 184/190 MP: 28/44
 63647 | Vaults:3 | Identified the +4 robe of Discretion {rElec rC+ Str+3}
 64435 | Vaults:3 | Reached skill level 15 in Invocations
 64776 | Vaults:3 | Reached skill level 18 in Fighting
 66614 | Vaults:4 | Found a magical portal.
 66625 | WizLab   | Entered The Roulette of Golubria
 66625 | WizLab   | Found a transporter.
 66691 | WizLab   | Found a corrupted altar of Lugonu.
 66692 | WizLab   | Identified the Almanac of the Voyage
 66692 | WizLab   | Found the +2 cloak of the Thief {*Fog Slay-2 SInv Stlth+}
 66714 | WizLab   | Found a transporter.
 66714 | WizLab   | Found a transporter.
 67007 | WizLab   | Found a transporter.
 67007 | WizLab   | Found a transporter.
 67111 | WizLab   | Found a transporter.
 67111 | WizLab   | Found a transporter.
 67252 | WizLab   | Found a transporter.
 67252 | WizLab   | Found a transporter.
 67355 | WizLab   | Found a transporter.
 67355 | WizLab   | Found a transporter.
 67375 | WizLab   | Found a transporter.
 67375 | WizLab   | Found a transporter.
 67462 | WizLab   | Reached skill level 15 in Spellcasting
 67470 | WizLab   | Reached XP level 22. HP: 198/200 MP: 4/46
 67530 | WizLab   | Found the +1 cloak of Starlight {*Dazzle EV+4 Stlth--}
 67531 | WizLab   | Found a transporter.
 67532 | WizLab   | Identified the +0 cloak of Whack-A-Mole {Harm rCorr Str+5
                  | Stlth-}
 67534 | WizLab   | Found a transporter.
 67534 | WizLab   | Found a transporter.
 67672 | WizLab   | Found a transporter.
 67723 | WizLab   | Found a transporter.
 67760 | WizLab   | Found a corrupted altar of Lugonu.
 67841 | WizLab   | Found a transporter.
 67945 | WizLab   | Found a transporter.
 68993 | Vaults:4 | Reached skill level 15 in Dodging
 70044 | Depths:1 | Entered Level 1 of the Depths
 70198 | Depths:1 | Reached skill level 15 in Stealth
 70466 | Depths:1 | Found a transporter.
 70469 | Depths:1 | Identified the +1 helmet of the Hot Ocelot {rElec}
 70469 | Depths:1 | Noticed Bnni's ghost (adept DsBr)
 70469 | Depths:1 | Noticed a caustic shrike
 70470 | Depths:1 | Identified the +1 pair of gloves "Comnyd" {rF+}
 70473 | Depths:1 | Noticed a caustic shrike
 70495 | Depths:1 | Found a transporter.
 70562 | Depths:1 | Found a gateway to Hell.
 71194 | Depths:1 | Found a broken altar of Ashenzari.
 71278 | Depths:1 | Identified the +5 hunting sling "Pekoth" {freeze, rPois rC+
                  | Str+3 Int+4}
 71976 | Depths:1 | Reached skill level 19 in Fighting
 73102 | Depths:1 | Found a snail-covered altar of Cheibriados.
 73657 | Depths:1 | Reached XP level 23. HP: 143/204 MP: 26/46
 73658 | Depths:1 | Killed a caustic shrike
 74221 | Depths:1 | Killed a caustic shrike
 74676 | Depths:2 | Reached skill level 15 in Short Blades
 74676 | Depths:2 | Reached skill level 15 in Long Blades
 74676 | Depths:2 | Reached skill level 15 in Axes
 74676 | Depths:2 | Reached skill level 15 in Maces & Flails
 74676 | Depths:2 | Reached skill level 15 in Polearms
 74676 | Depths:2 | Reached skill level 15 in Staves
 74676 | Depths:2 | Reached skill level 15 in Slings
 74676 | Depths:2 | Reached skill level 15 in Bows
 74676 | Depths:2 | Reached skill level 15 in Crossbows
 74676 | Depths:2 | Reached skill level 15 in Throwing
 74676 | Depths:2 | Reached skill level 15 in Armour
 74676 | Depths:2 | Reached skill level 15 in Shields
 74676 | Depths:2 | Reached skill level 15 in Unarmed Combat
 74676 | Depths:2 | Reached skill level 15 in Evocations
 75852 | Depths:1 | Identified the +5 quarterstaff of the Ship {flame, Dex+2}
 76408 | Depths:2 | Found a one-way gate to the infinite horrors of the Abyss.
 76692 | Depths:2 | Identified the +0 chain mail of Waymuw {rPois rN+ Dex-3}
 77936 | Depths:3 | Found a one-way gate leading to the halls of Pandemonium.
 79020 | Depths:4 | Noticed Mennas
 79458 | Depths:4 | Found a gateway to a ziggurat.
 79478 | Depths:4 | Noticed a juggernaut
 79484 | Depths:4 | Killed a juggernaut
 79485 | Depths:4 | Reached skill level 20 in Fighting
 79485 | Depths:4 | Reached XP level 24. HP: 210/210 MP: 9/45
 80390 | Depths:4 | Killed Mennas
 80472 | Depths:4 | Found Vexov's Distillery.
 80760 | Depths:4 | Found an opulent altar of Gozag.
 83273 | Depths:5 | Entered Level 5 of the Depths
 84514 | Depths:5 | Found a gate to the Realm of Zot.
 84627 | Depths:5 | Found Ystilam's Book Shop.
 85872 | Vaults:5 | Entered Level 5 of the Vaults
 85874 | Vaults:5 | Reached XP level 25. HP: 219/219 MP: 41/46
 86288 | Vaults:5 | Reached skill level 21 in Fighting
 87826 | Vaults:5 | Reached skill level 15 in Poison Magic
 88574 | Vaults:5 | Found Mehef's Magic Scroll Shop.
 88581 | Vaults:5 | Found Xaulirr's Magic Scroll Emporium.
 88621 | Vaults:5 | Found Waetet's Distillery.
 88621 | Vaults:5 | Found Plog's Distillery.
 88642 | Vaults:5 | Bought a potion of heal wounds for 50 gold pieces
 88642 | Vaults:5 | Bought 3 potions of heal wounds for 150 gold pieces
 88648 | Vaults:5 | Found Joodd's Magic Scroll Emporium.
 88651 | Vaults:5 | Bought a potion of heal wounds for 75 gold pieces
 88651 | Vaults:5 | Bought 2 potions of magic for 240 gold pieces
 88658 | Vaults:5 | Bought a scroll of acquirement for 884 gold pieces
 88658 | Vaults:5 | Acquired 1184 gold pieces
 88665 | Vaults:5 | Found Fihaecs's Distillery.
 89184 | Vaults:5 | Found Hutiaxt's Armour Shoppe.
 89247 | Vaults:5 | Found Adofot's Antique Armour Shoppe.
 89248 | Vaults:5 | Found Qeavamn's Distillery.
 89732 | Vaults:5 | Got a silver rune of Zot
 90181 | Elf:1    | Entered Level 1 of the Elven Halls
 90274 | Elf:1    | Reached XP level 26. HP: 229/229 MP: 32/46
 91818 | Elf:2    | Found a shimmering blue altar of Sif Muna.
 92054 | Elf:2    | Found Micoam's Weapon Shoppe.
 92137 | Elf:2    | Identified the +2 plate armour of Nuprerhi {Fly rPois Will+
                  | Str+3 Int-5}
 92495 | Elf:2    | Found a runed translucent door.
 92591 | Elf:2    | Found a runed translucent door.
 93965 | Elf:3    | Entered Level 3 of the Elven Halls
 95321 | Elf:3    | Reached skill level 22 in Fighting
 96230 | Elf:3    | Identified the +1 leather armour "Acak" {Regen+ Str+2}
 96380 | Elf:3    | Identified the +1 cloak "Axue" {rPois Will- Slay+2 Stlth+}
 96386 | Elf:3    | Identified the +9 plate armour of the Yeti {-Cast +Blink
                  | rCorr}
 96390 | Elf:3    | Identified the +3 scythe "Dragonbane" {vorpal, rC+ rN+
                  | rCorr Dex+4}
 96487 | Elf:3    | Identified Esminuf's Reference Book on Weightlessness
 96488 | Elf:3    | Identified the +9 hunting sling of the Extremes {speed, rF+
                  | Str+3 Stlth+}
 97026 | Zot:1    | Entered Level 1 of the Realm of Zot
 97596 | Zot:1    | Reached skill level 15 in Transmutations
 97596 | Zot:1    | Reached XP level 27. HP: 236/238 MP: 30/47
 97661 | Zot:1    | Learned a level 9 spell: Dragon's Call
 98288 | Zot:1    | Noticed an orb of fire
 98291 | Zot:1    | Killed an orb of fire
 99476 | Zot:2    | Reached skill level 15 in Conjurations
 99476 | Zot:2    | Reached skill level 15 in Hexes
 99476 | Zot:2    | Reached skill level 15 in Summonings
 99476 | Zot:2    | Reached skill level 15 in Necromancy
 99476 | Zot:2    | Reached skill level 15 in Translocations
 99476 | Zot:2    | Reached skill level 15 in Fire Magic
 99476 | Zot:2    | Reached skill level 15 in Ice Magic
 99476 | Zot:2    | Reached skill level 15 in Air Magic
 99476 | Zot:2    | Reached skill level 15 in Earth Magic
100176 | Zot:2    | Acquired the ring "Gezuocua" {Will+ Str-3 Int+3}
101130 | Zot:2    | Acquired 853 gold pieces
102074 | Zot:3    | Noticed Numi's ghost (legendary OpWz)
102080 | Zot:3    | Found a bloodstained altar of Trog.
102999 | Zot:3    | Found a transporter.
103004 | Zot:3    | Identified the +0 cloak of the Sixty-Six Lives {Str+3
                  | Int+5}
103006 | Zot:3    | Identified the +2 cloak of Imue {rElec rF+ rC+ rCorr}
103420 | Zot:3    | Found a transporter.
104464 | Zot:3    | Learned a level 9 spell: Tornado
106445 | Zot:5    | Entered Level 5 of the Realm of Zot
107517 | Zot:5    | Noticed an ancient lich
107536 | Zot:5    | Killed an ancient lich
107815 | Zot:5    | Identified the +1 plate armour "Fisuqoc" {rElec rPois Dex-4
                  | Slay-2}
107818 | Zot:5    | Noticed an ancient lich
107820 | Zot:5    | Noticed an orb of fire
107824 | Zot:5    | Killed an ancient lich
107824 | Zot:5    | Gained mutation: Your body sometimes deteriorates upon
                  | taking damage. [an orb of fire]
107827 | Zot:5    | Noticed an orb of fire
107828 | Zot:5    | Killed an orb of fire
107829 | Zot:5    | Noticed an ancient lich
107834 | Zot:5    | Gained mutation: You are agile. (Dex +2) [an orb of fire]
107842 | Zot:5    | Mangled by an Orb Guardian

Illustrated notes

Levels and vault maps discovered:
D:1:      dpeg_arrival_water_temple_mockup, layout_basic
D:2:      layout_basic, serial_shops, nicolae_shop_stone,
          hellmonk_ecumenical_altar_arch_garden
D:3:      kennysheep_goblin_castle, layout_rooms
D:4:      layout_basic, gup_sewer_entry_bowl
D:5:      layout_layer_cave, trog_butcher_becter,
          minmay_temple_entry_enclosed_plants
D:6:      layout_cave_pools, nicolae_overflow_hidden_temple, lightli_minifort,
          uniq_prince_ribbit1
D:7:      layout_basic
D:8:      cheibrodos_grave_circle, layout_loops_ring,
          nicolae_elyvilon_temple_path, erik_lair_orcish_takeover,
          dk_vineyard_1, chequers_decorated_corner, uniq_maurice
D:9:      layout_layer_cave, uniq_erica
D:10:     layout_loops_ring, erik_orc_4, small_statue_alley_b, grunt_ogre_cave
D:11:     layout_rooms
D:12:     layout_basic, chequers_arboretum, uniq_urug
D:13:     layout_rooms, grunt_vaults_entry_fortified,
          maelrawn_ghost_gauntlet_escape, serial_shops, shop
D:14:     layout_cave_pools, minmay_nine_imps
D:15:     grunt_enter_depths_magical_seal, layout_gridville,
          gammafunk_ghost_split, bloody_makhleb, serial_shops,
          nicolae_shop_stone, nicolae_shop_waterfront, minivault_8
Temple:   eino_temple_rhombus
Lair:1:   layout_chaotic_city, gammafunk_ghost_split, uniq_joseph
Lair:2:   layout_cellular_growth, swamp_mist_pool, patterned_corridor,
          grunt_megastairs_3, serial_bayou_shore_b
Lair:3:   layout_roguey, guppyfry_snake_entry_island
Lair:4:   layout_regular_city, hellmonk_ghost_happy_afterlife, uniq_snorg
Lair:5:   layout_cave_shapes, minmay_holes
Lair:6:   grunt_lair_end_beastmaster, layout_misc_corridors, slime_altar_1,
          chequers_serial_rivers_small_b, lemuel_fruit_tree, grunt_megastairs_2
Swamp:1:  layout_basic_swamp, nicolae_swamp_round_clearing, swamp_pool5,
          uniq_kirke
Swamp:2:  layout_falls_marsh, evilmike_swamp_ruin_rubble_2
Swamp:3:  layout_falls_marsh, evilmike_swamp_ruin_house_3, swamp_pool2,
          uniq_bai_suzhen
Swamp:4:  nzn_swamp_witches_coven, layout_basic_swamp, swamp_pool5,
          infiniplex_staircase_pool, uniq_mara
Snake:1:  layout_chambers, uniq_donald, uniq_aizul, uniq_frances
Snake:2:  layout_rooms, serial_shops, nicolae_shop_trees
Snake:3:  layout_concentric_octagons, basic_altar, drop_trap
Snake:4:  snake_pit, layout_rooms, serial_shops, shop_statue,
          nicolae_large_snake_swirl, minmay_shoptagon, uniq_louise, uniq_nikola,
          uniq_agnes
Orc:1:    layout_caves, hellmonk_bongcloud_opening, abandoned_shop
Orc:2:    grunt_orc_gardens, layout_caves, grunt_orc_garden, grunt_orc_garden,
          grunt_orc_garden, grunt_orc_garden, serial_shops, shop,
          portal_ice_cave_demonic_guard
Elf:1:    layout_loops_corners, minivault_28, grunt_ministairs_12,
          grunt_megastairs_4
Elf:2:    layout_gridlike, serial_shops, shop, basic_altar, lemuel_elevator
Elf:3:    minmay_elf_hall_four_x, layout_loops_ring, billiards_dpeg
Vaults:1: nicolae_vaults_puzzle_piece, v_pattern_4, grunt_vaults_twisty,
          nicolae_vaults_twisting_passages, vaults_mumra_chevron,
          nicolae_vaults_theta, nicolae_vaults_little_squares_1,
          hangedman_vaults_trim, nicolae_vaults_rhombus_5,
          layout_vaults_omnibox, serial_shops, shop_fountains
Vaults:2: ontoclasm_vaults_ligature, minmay_crypt_entry_vampire_xt,
          nicolae_vaults_network_s, v_misc_18, v_misc_13, vaults_room_pools,
          vaults_room_semicircle, v_misc_31, special_room_vaults
          [special_room_orc], nicolae_vaults_yaktaur_gun_rack, vaults_dpeg_ring,
          grunt_vaults_hallway_short, v_alt_pattern_1, v_misc_8,
          vaults_room_large_hall, v_misc_23, layout_vaults_maze, uniq_margery,
          uniq_asterion
Vaults:3: nicolae_vaults_asterisk, v_misc_22, hangedman_vaults_restitches,
          vaults_room_grunt_arrival_ludios, v_rooms_3, st_spiral_rooms,
          v_pattern_3, nicolae_vaults_theta, ontoclasm_vaults_bender,
          vaults_mumra_minichess, nicolae_vaults_little_ls,
          hangedman_vaults_snaps, ontoclasm_vaults_fault,
          vaults_room_semicircle, layout_vaults_ring
Vaults:4: hangedman_vaults_restitches, nicolae_vaults_little_squares_1,
          nicolae_vaults_network_quincunx
          [nicolae_vaults_network_quincunx_subvault,
          nicolae_vaults_network_quincunx_subvault,
          nicolae_vaults_network_quincunx_subvault,
          nicolae_vaults_network_quincunx_subvault,
          nicolae_vaults_network_quincunx_subvault],
          nicolae_vaults_little_squares_6, nicolae_vaults_little_squares_1,
          layout_vaults_omnigrid, mu_enter_wizlab_6
Vaults:5
Depths:1: minmay_the_grid_4x2 [minmay_the_grid_minigrid_small,
          minmay_the_grid_spikes, minmay_the_grid_airy,
          minmay_the_grid_square_x, minmay_the_grid_holed_spiral,
          minmay_the_grid_dragon_a, minmay_the_grid_minigrid_medium,
          minmay_the_grid_prize_big_room], layout_honeycomb,
          gammafunk_ghost_berserking_beasts, cheibrodos_ashenzari_chains,
          hell_entry, minivault_22, minmay_misc_feat_five, st_stairs_12,
          kennysheep_slug_shrine, firewood_loft
Depths:2: kennysheep_big_flooded_room, layout_honeycomb, kennysheep_doodads,
          lightli_too_deep, hangedman_abyss_entry_splay, kennysheep_boxes,
          minmay_staircase_bubble
Depths:3: kennysheep_scales, layout_long_grid, hell_entry,
          abyss_entry_glasseish, minmay_misc_feat_plants, pan_entry,
          roderic_lattice_octagonal_star
Depths:4: lemuel_castle_with_subvaults [lemuel_castle_interior_original],
          layout_cave_shapes, enter_ziggurat_a, abyss_entry_crystal,
          grunt_hell_entry_dis_grunt, serial_shops, shop_statue,
          nicolae_gozag_seed_capital, infiniplex_staircase_spiral, uniq_mennas
Depths:5: grunt_twist_and_shout, layout_twisted_cross, serial_shops, shop,
          hell_entry, hangedman_abyss_or_decor_jellyfish_corner,
          serial_bayou_shore_a
Zot:1:    layout_cathedral_of_symmetry
Zot:2:    layout_misc_corridors, st_large_dragon_hoard_3
Zot:3:    layout_gridlike, gammafunk_ghost_wrathful_warriors
Zot:4:    lemuel_halls_of_wrath, layout_gridlike
Zot:5:    layout_concentric_octagons

Skill      XL: |  1  2  3  4  5  6  7  8  9 10 11 12 13 14 15 16 17 18 19 20 21 22 23 24 25 26 27 |
---------------+----------------------------------------------------------------------------------+-----
Transmutations | 2 3 4 5 6 7 8 9 10 11 12 13 14 15 16 | 16.0
Spellcasting   | 5 6 7 8 9 10 11 12 13 14 15 16 17 18 | 18.9
Invocations    | 1 2 3 4 5 6 7 8 9 10 11 12 13 14 15 16 17 18 19 | 19.8
Fighting       | 1 2 3 4 5 7 8 10 11 12 13 14 15 16 17 18 19 20 21 22 | 22.9
Short Blades   | 1 2 3 4 5 6 7 8 9 10 11 12 13 14 15 16 17 18 | 18.4
Long Blades    | 1 2 3 4 5 6 7 8 9 10 11 12 13 14 15 16 17 18 | 18.4
Axes           | 1 2 3 4 5 6 7 8 9 10 11 12 13 14 15 16 17 18 | 18.4
Maces & Flails | 1 2 3 4 5 6 7 8 9 10 11 12 13 14 15 16 17 18 | 18.4
Polearms       | 1 2 3 4 5 6 7 8 9 10 11 12 13 14 15 16 17 18 | 18.4
Staves         | 1 2 3 4 5 6 7 8 9 10 11 12 13 14 15 16 17 18 | 18.4
Slings         | 1 2 3 4 5 6 7 8 9 10 11 12 13 14 15 16 17 18 | 18.4
Bows           | 1 2 3 4 5 6 7 8 9 10 11 12 13 14 15 16 17 18 | 18.4
Crossbows      | 1 2 3 4 5 6 7 8 9 10 11 12 13 14 15 16 17 18 | 18.4
Throwing       | 1 2 3 4 5 6 7 8 9 10 11 12 13 14 15 16 17 18 | 18.4
Armour         | 1 2 3 4 5 6 7 8 9 10 11 12 13 14 15 16 17 18 | 18.4
Shields        | 1 2 3 4 5 6 7 8 9 10 11 12 13 14 15 16 17 18 | 18.4
Unarmed Combat | 1 2 3 4 5 6 7 8 9 10 11 12 13 14 15 16 17 19 | 19.6
Evocations     | 1 2 3 4 5 6 7 8 9 10 11 12 13 14 15 16 17 18 | 18.4
Conjurations   | 1 2 3 4 5 6 7 8 9 10 11 12 13 14 15 | 15.9
Hexes          | 1 2 3 4 5 6 7 8 9 10 11 12 13 14 15 | 15.9
Summonings     | 1 2 3 4 5 6 7 8 9 10 11 12 13 14 15 | 15.9
Necromancy     | 1 2 3 4 5 6 7 8 9 10 11 12 13 14 15 | 15.9
Translocations | 1 2 3 4 5 6 7 8 9 10 11 12 13 14 15 | 15.9
Fire Magic     | 1 2 3 4 5 6 7 8 9 10 11 12 13 14 15 | 15.9
Ice Magic      | 1 2 3 4 5 6 7 8 9 10 11 12 13 14 15 | 15.9
Air Magic      | 1 2 3 4 5 6 7 8 9 10 11 12 13 14 15 | 15.9
Earth Magic    | 1 2 3 4 5 6 7 8 9 10 11 12 13 14 15 | 15.9
Dodging        | 5 6 7 8 9 10 11 12 13 14 15 16 17 18 | 18.9
Stealth        | 5 6 7 8 9 10 11 12 13 14 15 16 17 18 | 18.8
Poison Magic   | 6 7 8 9 10 11 12 13 14 15 16 | 16.6

Action                   |  1- 3 |  4- 6 |  7- 9 | 10-12 | 13-15 | 16-18 | 19-21 | 22-24 | 25-27 || total
-------------------------+-------+-------+-------+-------+-------+-------+-------+-------+-------++-------
Melee: Unarmed           |     4 |       |       |       |       |       |       |       |       ||     4
       Bite              |     4 |     1 |    22 |    29 |    40 |    24 |    20 |    10 |     8 ||   158
       Short sword       |    35 |     2 |       |       |       |       |       |       |       ||    37
       Hand axe          |       |    57 |    65 |       |       |       |       |       |       ||   122
       Whip              |       |       |    75 |   247 |    95 |       |       |       |       ||   417
       Punch             |       |       |     2 |       |       |       |       |       |       ||     2
       Staff             |       |       |       |     2 |       |       |       |       |       ||     2
       Flail             |       |       |       |       |   248 |   242 |   232 |   180 |    83 ||   985
Throw: Boomerang         |       |       |       |       |       |       |       |       |     8 ||     8
 Cast: Sting             |    39 |    10 |     1 |     5 |     2 |       |       |       |       ||    57
       Poisonous Vapours |    25 |    39 |    37 |    36 |   128 |   100 |    95 |    89 |   116 ||   665
       Ignite Poison     |     1 |     6 |    26 |    61 |   120 |    64 |    83 |    49 |    67 ||   477
       Mephitic Cloud    |     1 |       |    10 |    30 |    13 |     1 |     2 |     1 |       ||    58
       Olgreb's Toxic Ra |       |     5 |    11 |    31 |    74 |    16 |    68 |    32 |    21 ||   258
       Summon Lightning  |       |       |       |     6 |    19 |    14 |     1 |       |       ||    40
       Summon Ice Beast  |       |       |       |     5 |    15 |     4 |       |       |       ||    24
       Eringya's Noxious |       |       |       |       |    17 |    16 |     2 |     1 |       ||    36
       Lee's Rapid Decon |       |       |       |       |    29 |    84 |    34 |    41 |    10 ||   198
       Iron Shot         |       |       |       |       |    30 |   272 |   146 |   271 |   332 ||  1051
       Borgnjor's Vile C |       |       |       |       |       |    50 |     8 |    15 |    46 ||   119
       Ignition          |       |       |       |       |       |    16 |    41 |    62 |    66 ||   185
       Shatter           |       |       |       |       |       |       |    14 |    19 |    41 ||    74
       Tornado           |       |       |       |       |       |       |       |       |     6 ||     6
       Dragon's Call     |       |       |       |       |       |       |       |       |     5 ||     5
Invok: Curse Item        |       |       |     1 |     1 |     4 |     4 |     1 |     2 |       ||    13
       Shatter the Chain |       |       |       |       |       |     1 |       |     2 |     2 ||     5
Evoke: Wand              |       |       |     3 |       |     2 |     1 |     6 |     5 |     2 ||    19
  Use: Scroll            |       |    12 |     2 |     3 |     2 |     5 |     2 |     5 |    11 ||    42
       Potion            |       |       |     1 |     4 |       |     4 |       |     9 |     7 ||    25
 Stab: Sleeping          |       |     2 |     1 |       |     2 |     2 |       |       |       ||     7
       Confused          |       |       |       |     2 |       |       |       |       |       ||     2
       Petrified         |       |       |       |       |     2 |       |       |       |       ||     2
       Distracted        |       |       |       |       |     3 |       |     1 |       |     2 ||     6
       Invisible         |       |       |       |       |       |       |       |     4 |     1 ||     5
Armor: Robe              |    18 |     5 |       |       |       |       |       |       |    32 ||    55
       Leather armour    |       |     7 |    26 |    68 |    67 |    89 |    63 |    71 |    44 ||   435
Dodge: Dodged            |    57 |    47 |    99 |   152 |   191 |   178 |   153 |   205 |   261 ||  1343
Block: Other             |       |       |    29 |       |       |       |       |       |       ||    29
       Buckler           |       |       |    16 |   160 |   185 |   207 |   173 |   157 |   157 ||  1055
       Reflection        |       |       |     1 |       |     8 |    30 |    26 |     8 |    19 ||    92

Table legend: (Time is in decaauts)
 A = Elapsed time spent in this place.
 B = Non-inter-level travel time spent in this place.
 C = Inter-level travel time spent in this place.
 D = Time resting spent in this place.
 E = Time spent auto-exploring this place.
 F = Levels seen in this place.
 G = Mean time per level.
                   A        B        C        D        E       F      G
               +--------+--------+--------+--------+--------+-----+--------+
         Total | 108143 | 101058 |   7085 |  42908 |  41320 |  53 | 2040.4 |
       Dungeon |  24587 |  22083 |   2504 |   6429 |  12555 |  15 | 1639.1 |
        Temple |    211 |    177 |     34 |      0 |    175 |   1 |  211.0 |
          Lair |  10796 |   9762 |   1034 |   3364 |   5149 |   6 | 1799.3 |
         Swamp |   7171 |   6928 |    243 |   3587 |   1807 |   4 | 1792.8 |
     Snake Pit |  12235 |  11562 |    673 |   6406 |   3365 |   4 | 3058.8 |
  Orcish Mines |   2292 |   2113 |    179 |    539 |   1116 |   2 | 1146.0 |
   Elven Halls |   6624 |   6350 |    274 |   2607 |   2456 |   3 | 2208.0 |
        Vaults |  13996 |  13043 |    953 |   5940 |   4788 |   5 | 2799.2 |
        Depths |  15547 |  14791 |    756 |   6949 |   5526 |   5 | 3109.4 |
           Zot |  10417 |   9985 |    432 |   5682 |   2416 |   5 | 2083.4 |
         Sewer |    928 |    928 |      0 |    100 |    694 |   1 |  928.0 |
      Ice Cave |   1826 |   1826 |      0 |    626 |    922 |   1 | 1826.0 |
        Wizlab |   1506 |   1506 |      0 |    677 |    349 |   1 | 1506.0 |
               +--------+--------+--------+--------+--------+-----+--------+

Top non-repeatable levels by time:
Depths:1: 4613 daAuts
Vaults:4: 4170 daAuts
 Snake:4: 4003 daAuts
 Snake:1: 3706 daAuts
Depths:4: 3485 daAuts
Depths:3: 3402 daAuts
Vaults:2: 3241 daAuts
    D:13: 3092 daAuts
 Swamp:4: 3088 daAuts
   Elf:2: 2731 daAuts
Vaults:3: 2656 daAuts
   Zot:4: 2465 daAuts
 Snake:3: 2398 daAuts
Depths:2: 2279 daAuts
     D:8: 2262 daAuts
